 Dungeon Crawl Stone Soup version 0.14-a0-586-g2535b90 (webtiles) character file.

1074 PolkaDot the Slasher (level 7, 0/53 HPs)
             Began as a Vampire Fighter on Nov 4, 2013.
             Was a Believer of Makhleb.
             Succumbed to a giant mite's poison
             ... on Level 5 of the Dungeon.
             The game lasted 00:11:54 (2931 turns).

PolkaDot the Slasher (Vampire Fighter)              Turns: 2931, Time: 00:11:54

HP   0/53        AC  8     Str 15      XL: 7   Next: 75%
MP   7/7         EV  8     Int 10      God: Makhleb [**....]
Gold 195         SH  0     Dex 15      Spells:  0 memorised,  6 levels left

Res.Fire  : . . .   See Invis. : +   a - +0 falchion
Res.Cold  : . . .   Warding    : .   b - +0 scale mail
Life Prot.: . . .   Conserve   : .   (no shield)
Res.Poison: .       Res.Corr.  : .   (no helmet)
Res.Elec. : .       Clarity    : .   u - +0 cloak
Sust.Abil.: . .     Spirit.Shd : .   (no gloves)
Res.Mut.  : .       Stasis     : .   (no boots)
Res.Rott. : .       Flight     : .   e - amulet of rage
Saprovore : . . .                    (no ring)
                                     (no ring)

@: regenerating quickly, mildly poisoned, slightly resistant to hostile
enchantments, extremely unstealthy
A: bottle blood, fangs 3, see invisible, unbreathing
a: Bottle Blood, Minor Destruction, Renounce Religion, Evoke Berserk Rage


You were on level 5 of the Dungeon.
You worshipped Makhleb.
Makhleb was pleased with you.
You were full.

You visited 1 branch of the dungeon, and saw 5 of its levels.

You collected 195 gold pieces.

Inventory:

Hand weapons
 a - a +0,+0 falchion (weapon)
Armour
 b - a +0 scale mail (worn)
 u - a +0 cloak (worn)
Magical devices
 o - a wand of confusion (12) {unknown}
 s - a wand of invisibility (3) {unknown}
Scrolls
 c - 3 scrolls of teleportation {unknown}
 d - a scroll of curse jewellery {unknown}
 f - 2 scrolls of random uselessness {unknown}
 g - a scroll of recharging {unknown}
 h - a scroll of remove curse {unknown}
 i - a scroll of curse weapon {unknown}
 j - 3 scrolls of blinking {unknown}
 k - 3 scrolls of immolation {unknown}
 l - a scroll of magic mapping {unknown}
 n - 2 scrolls of enchant armour {unknown}
 p - a scroll of identify {unknown}
 q - a scroll of fear {unknown}
Jewellery
 e - an amulet of rage (around neck)
Potions
 m - a potion of mutation
 r - a potion of magic


   Skills:
 - Level 2.6 Fighting
 * Level 7.5 Long Blades
 + Level 4.8 Armour
   Level 2.6 Shields


You had 6 spell levels left.
You didn't know any spells.

Dungeon Overview and Level Annotations

Branches:
Dungeon (5/27)
 Temple: D:4-7

Altars:
Ashenzari
Makhleb


Innate Abilities, Weirdness & Mutations

Your natural rate of healing is unusually fast.
You can bottle blood from corpses.
You have razor-sharp teeth.*
You have supernaturally acute eyesight.
You can survive without breathing.*


Message History

Drink which item? (? for menu, Esc to quit)
You suddenly lose the ability to move!
It was a potion of paralysis.
You feel less confused.
The worker ant bites you but does no damage.
The worker ant bites you.
* * * LOW HITPOINT WARNING * * *
The worker ant bites you but does no damage.
The worker ant bites you.
* * * LOW HITPOINT WARNING * * *
* * * LOW HITPOINT WARNING * * *
You feel sick. The worker ant barely misses you.
You can move again.
Read which item? (? for menu, Esc to quit)
Okay, then.
Things that are here:
an orcish mace; an orcish ring mail; an orc skeleton
* * * LOW HITPOINT WARNING * * *
You feel sick. The worker ant closely misses you.
You die...

#.##.##......
#.##.##......
#............
#####.###.....
#.....###.....
#.#####....... ########
#.# #.......
#.)....####.# #...#...
#..@....# #....... #
##..####.#####..##...
#.##..a..##.............
#.....)#.##.#####.......
.##..#..).)...# #####.##
........)#....# #...#
####.###.#..#.# #...# #.
..##...# #...# #
....##.## #...#


You could see a worker ant.

Vanquished Creatures
  A necrophage (D:5)
  2 sky beasts (D:5)
  Sigmund (D:2)
  A giant frog (D:3)
  3 wights (D:3)
  A crimson imp (D:3)
  Crazy Yiuf (D:2)
  2 orc priests (D:4)
  An iguana (D:5)
  3 orc wizards
  An adder (D:3)
  A giant mite (D:5)
  An inept item mimic (D:4)
  2 worms
  A giant eyeball (D:4)
  A giant gecko (D:1)
  6 orcs
  A bat zombie (D:5)
  8 goblins
  10 hobgoblins
  13 jackals
  7 kobolds
  2 quokkas
  8 bats
  6 giant cockroaches
  7 giant newts
  11 rats
102 creatures vanquished.

Vanquished Creatures (others)
  A kobold (D:5)
1 creature vanquished.

Grand Total: 103 creatures vanquished

Notes
Turn   | Place    | Note
--------------------------------------------------------------
     0 | D:1      | PolkaDot, the Vampire Fighter, began the quest for the Orb.
     0 | D:1      | Reached XP level 1. HP: 18/18 MP: 1/1
    57 | D:1      | Reached XP level 2. HP: 4/24 MP: 2/2
   281 | D:1      | Reached skill level 3 in Long Blades
   330 | D:1      | Reached XP level 3. HP: 29/29 MP: 3/3
   891 | D:2      | Found a shattered altar of Ashenzari.
   937 | D:2      | Found a burning altar of Makhleb.
   947 | D:2      | Became a worshipper of Makhleb the Destroyer
   960 | D:2      | Noticed Sigmund
   977 | D:2      | Killed Sigmund
   977 | D:2      | Reached skill level 4 in Long Blades
   977 | D:2      | Reached XP level 4. HP: 17/36 MP: 4/4
  1310 | D:2      | Noticed Crazy Yiuf
  1320 | D:2      | Killed Crazy Yiuf
  1320 | D:2      | Reached XP level 5. HP: 27/41 MP: 0/5
  1415 | D:3      | Reached skill level 5 in Long Blades
  1541 | D:3      | Acquired Makhleb's first power
  1664 | D:3      | Reached XP level 6. HP: 21/47 MP: 6/6
  2094 | D:4      | HP: 1/47 [orc priest/divine providence (13)]
  2097 | D:4      | Reached skill level 6 in Long Blades
  2532 | D:4      | Acquired Makhleb's second power
  2689 | D:5      | Entered Level 5 of the Dungeon
  2732 | D:5      | Reached XP level 7. HP: 42/53 MP: 7/7
  2750 | D:5      | Noticed a necrophage
  2759 | D:5      | Killed a necrophage
  2811 | D:5      | Reached skill level 7 in Long Blades
  2914 | D:5      | HP: 2/53 [orc/orcish mace (1)]
  2922 | D:5      | Paralysed by a potion of paralysis for 6 turns
  2926 | D:5      | HP: 2/53 [worker ant (1)]
  2931 | D:5      | Succumbed to a giant mite's poison

Action                   |  1- 3 |  4- 6 |  7- 9 || total
-------------------------+-------+-------+-------++-------
Melee: Falchion          |   133 |   255 |    73 ||   461
  Use: Potion            |     2 |     8 |     2 ||    12
 Stab: Invisible         |       |     3 |       ||     3
